 Dungeon Crawl Stone Soup version 0.23.1-37-gaa34b87 (webtiles) character file.

Game seed: 3540681796143028427

130 vishdafish the Insei (level 5, -4/34 HPs)
             Began as an Octopode Transmuter on Mar 20, 2019.
             Killed by divine providence
             ... invoked by an orc priest
              (12 damage)
             ... on level 4 of the Dungeon.
             The game lasted 00:05:06 (3155 turns).

vishdafish the Insei (Octopode Transmuter)          Turns: 3155, Time: 00:05:07

Health: -4/34      AC:  1    Str: 10    XL:     5   Next: 13%
Magic:  9/9        EV: 14    Int: 15    God:
Gold:   144        SH:  3    Dex: 13    Spells: 3/9 levels left

rFire    . . .     SeeInvis .     - Unarmed
rCold    . . .     Gourm    .   (no shield)
rNeg     . . .     Faith    .   (helmet restricted)
rPois    .         Spirit   .   d - +3 amulet of reflection
rElec    .         Reflect  +   (no ring)
rCorr    .         Harm     .   (no ring)
MR       .....                  (no ring)
Stlth    +++.......             (no ring)
HPRegen  0.11/turn              (no ring)
MPRegen  0.11/turn              (no ring)
                                (no ring)
                                (no ring)

@: no status effects
A: almost no armour, stealthy swim, amphibious, 8 rings, constrict 8, camouflage
1, gelatinous body 1
a: no special abilities


You were on level 4 of the Dungeon.
You were not hungry.

You visited 1 branch of the dungeon, and saw 4 of its levels.

You collected 144 gold pieces.

Inventory:

Missiles
 a - 72 arrows
 g - a javelin (quivered)
Jewellery
 d - a +3 amulet of reflection (around mantle)
Scrolls
 b - a scroll of enchant armour {unknown}
 e - 3 scrolls of remove curse
 f - 3 scrolls of teleportation
 j - a scroll of blinking {unknown}
 m - 3 scrolls of identify {unknown}
Potions
 h - a potion of curing
 i - a potion of mutation {unknown}
 k - a potion of invisibility {unknown}
 l - a potion of lignification {unknown}
Comestibles
 c - 3 rations


   Skills:
 + Level 1.7 Fighting
 - Level 2.5 Dodging
 - Level 1.3 Stealth
 + Level 3.9 Unarmed Combat
 + Level 2.8 Spellcasting
 + Level 2.7 Transmutations


You had 3 spell levels left.
You knew the following spells:

 Your Spells              Type           Power        Failure   Level  Hunger
a - Beastly Appendage     Tmut           ##....       7%          1    #......
b - Spider Form           Tmut/Pois      #.........   34%         3    ###....
c - Sticks to Snakes      Tmut           ##......     10%         2    ##.....

Your spell library contained the following spells:

 Spells                   Type           Power        Failure   Level  Hunger
 Ice Form                 Ice/Tmut       #.......     75%         4    #####..
 Blade Hands              Tmut           ##........   88%         5    ######.


Dungeon Overview and Level Annotations

Branches:
Dungeon (4/15)
 Temple: D:4-7

Altars:
Nemelex Xobeh

Annotations:
D:2 Sigmund
D:4 Pikel


Innate Abilities, Weirdness & Mutations

You cannot wear most types of armour.
You are very stealthy in the water. (Stealth+)
You are amphibious.
You can wear up to eight rings at the same time.
You can use your tentacles to constrict eight enemies at once.
Your skin changes colour to match your surroundings (Stealth+).
Your rubbery body absorbs attacks. (AC +1, EV +1)


Message History

The adder skeleton closely misses you.
The orc priest mumbles some strange prayers to Beogh against you.
Beogh smites you!
The orc priest calls down the wrath of Beogh upon you.
Beogh smites you!
* * * LOW HITPOINT WARNING * * *
You block the adder skeleton's attack.
You feel better. The orc completely misses you. The adder skeleton bites you.
* * * LOW HITPOINT WARNING * * *
The orc priest looks encouraged for a moment.
The orc wizard closely misses you.
The orc wizard hits you with a +0 dagger.
* * * LOW HITPOINT WARNING * * *
Unknown command.
The orc closely misses you.
The orc wizard casts a spell.
The orc wizard blinks!
The orc priest calls down the wrath of Beogh upon you.
Beogh smites you!
You die...

......................
....................#... ..
....................#..#......
......#.##.....#.......#..#..#
....##..##.....#............#.
##...#..#.....................
###......#......o.............
##......#..<.............#
##....##.....@Zo.o......##
##............o.........#.
#........................
....#....................
........................
K.......................
.......................
..##...........#.......
............##.........


You could see an orc priest, 2 orc wizards, an orc and an adder skeleton.

Vanquished Creatures
  A hound (D:4)
  A gnoll (D:1)
  An adder (D:2)
  An ooze (D:2)
  5 worms
  2 dart slugs
  2 leopard geckos (D:3)
  4 orcs
  2 ball pythons
  4 giant cockroaches
  5 goblins
  6 hobgoblins
  3 quokkas
  4 bats
  A frilled lizard (D:2)
  6 kobolds
  4 rats
52 creatures vanquished.

Notes
Turn   | Place    | Note
-------+----------+-------------------------------------------
     0 | D:1      | vishdafish the Octopode Transmuter began the quest for the
                  | Orb.
     0 | D:1      | Reached XP level 1. HP: 13/13 MP: 3/3
   110 | D:1      | Reached XP level 2. HP: 6/18 MP: 5/5
   378 | D:1      | Reached XP level 3. HP: 20/23 MP: 6/6
   467 | D:1      | Reached skill level 1 in Stealth
   787 | D:2      | Found a sparkling altar of Nemelex Xobeh.
   988 | D:2      | Reached XP level 4. HP: 24/28 MP: 7/7
  1823 | D:2      | Noticed Sigmund
  2653 | D:4      | Noticed a slave
  2654 | D:4      | Noticed a slave
  2654 | D:4      | Noticed a slave
  2654 | D:4      | Noticed Pikel
  2945 | D:4      | Reached XP level 5. HP: 20/34 MP: 9/9
  3087 | D:4      | Learned a level 3 spell: Spider Form
  3090 | D:4      | Learned a level 2 spell: Sticks to Snakes
  3155 | D:4      | Killed from afar by an orc priest

Skill      XL: |  1  2  3 |
---------------+----------+-----
Stealth        | 1 |  1.3
Fighting       | |  1.7
Dodging        | |  2.5
Unarmed Combat | |  3.9
Spellcasting   | |  2.8
Transmutations | |  2.7

Action                   |  1- 3 |  4- 6 || total
-------------------------+-------+-------++-------
Melee: Unarmed           |    72 |    61 ||   133
       Constrict         |    16 |    17 ||    33
       Tentacles         |     9 |    16 ||    25
       Punch             |       |     2 ||     2
       Kick              |       |     1 ||     1
Throw: Javelin           |     4 |     3 ||     7
 Cast: Beastly Appendage |     1 |     2 ||     3
  Use: Potion            |       |     3 ||     3
       Scroll            |       |     2 ||     2
 Stab: Sleeping          |     7 |     3 ||    10
  Eat: Ration            |       |     2 ||     2
       Chunk             |       |     1 ||     1
Armor: Skin              |     3 |     3 ||     6
Dodge: Dodged            |    47 |    31 ||    78
Block: Other             |       |     3 ||     3
       Reflection        |       |     1 ||     1
